 Dungeon Crawl Stone Soup version 0.31-a0-851-g7ff8af7976 (webtiles) character file.

Game seed: 2628511564062369718

7 Kurtz the Sneak (level 1, -3/18 HPs)
             Began as a Mummy Delver on Oct 6, 2023.
             Slain by a gnoll
             ... wielding a +0 spear
              (7 damage)
             ... on level 5 of the Dungeon.
             The game lasted 00:00:25 (159 turns).

Kurtz the Sneak (Mummy Delver)                       Turns: 159, Time: 00:00:27

Health: -3/18      AC:  5    Str: 15    XL:     1   Next: 91%
Magic:  1/1        EV: 11    Int: 11    God:
Gold:   18         SH:  0    Dex: 13    Spells: 0/0 levels left

rFire   x . .        h - +5 hand axe of Woe {flame, Int+2}
rCold   + . .        (no shield)
rNeg    + + +        b - +0 leather armour
rPois   ∞            (no helmet)
rElec   .            (no cloak)
rCorr   .            i - +0 pair of gloves
SInv    .            j - +0 pair of boots
Will    .....        (no amulet)
Stlth   ++           (no ring)
HPRegen 0.23/turn    (no ring)
MPRegen 0.07/turn

%: faith
@: no status effects
A: cold resistance 1, negative energy resistance 3, torment resistance 2, heat
vulnerability 1, in touch with death 1, no potions, faith
a: no special abilities


You were on level 5 of the Dungeon.
You visited 1 branch of the dungeon, and saw 2 of its levels.

You collected 18 gold pieces.

Inventory:

Hand Weapons
 a - a +0 hand axe
 h - the +5 hand axe of Woe (weapon) {flame, Int+2}
   (You found it on level 5 of the Dungeon)

   Int+2:     It affects your intelligence (+2).
Armour
 b - a +0 leather armour (worn)
 i - a +0 pair of gloves (worn)
 j - a +0 pair of boots (worn)
Wands
 f - a wand of digging (3)
 g - a wand of iceblast (3)
Scrolls
 c - a scroll of fog
 d - a scroll of revelation
 e - a scroll of fear
 k - a scroll of brand weapon {unknown}


   Skills:
 - Level 3.0 Fighting
 * Level 2.2 Axes
 - Level 1.5 Dodging
 - Level 4.1 Stealth


You couldn't memorise any spells.
You didn't know any spells.
Your spell library contained the following spells:

 Spells                   Type           Power      Damage    Failure   Level
 Cigotuvi's Dreadful Rot  Necr/Pois/Air  0%         N/A       54%         2
 Ignite Poison            Fire/Tmut/Pois 0%         N/A       78%         3
 Freezing Cloud           Conj/Ice/Air   0%         6-21      100%        5


Dungeon Overview and Level Annotations

Branches:
Dungeon (5/15)
 Temple: D:4-7

Altars:


Innate Abilities, Weirdness & Mutations

You are immune to poison.
Your flesh is cold resistant. (rC+)
You are immune to negative energy. (rN+++)
You are immune to unholy pain and torment.
You are vulnerable to heat. (rF-)
You are in touch with the powers of death.
You do not drink.
You have a special connection with the divine. (Faith)


Message History

You finish putting on your +0 pair of gloves.
Unknown command.
You open the door.
There is an open door here.
There is a stone staircase leading up here.
You pick up a Trismegistus Codex and begin reading...
You add the spells Cigotuvi's Dreadful Rot, Ignite Poison and Freezing Cloud to your library.
There is a stone staircase leading up here.
You climb upwards.
There is a stone staircase leading down here.
You climb downwards.
There is a stone staircase leading up here.
Found a pair of boots.
You see here a +0 pair of boots.
j - a +0 pair of boots You start putting on your armour.
You continue putting on your +0 pair of boots. x4
You finish putting on your +0 pair of boots.
Unknown command.
You now have 18 gold pieces (gained 7).
k - a scroll labelled XUCVONE WOZEI You open the door. 3 gnolls come into view.
The gnoll shouts! x3; You hear a shout!
The gnoll closely misses you. The gnoll barely misses you.
The gnoll hits you with a +0 halberd!
Ouch! That really hurt!
The gnoll closely misses you.
There is an open door here.
You slash the gnoll! You burn the gnoll.
The gnoll is almost dead.
The gnoll hits you from afar with a +0 spear.
The gnoll closely misses you. x2
You hit the gnoll. You burn the gnoll.
You kill the gnoll!
The gnoll hits you from afar with a +0 spear.
* * * LOW HITPOINT WARNING * * *
The gnoll closely misses you. The gnoll barely misses you.
The gnoll hits you from afar with a +0 spear!
You die...

..# ..# ..# #.# ##### #.#
###########...#### # #.#
#.............@)g#
#.#######.#
#.#########...##g#
#.........##
#.........#...#
#.#.##...##...
#########.#...# #.#
#...##.## #.#...# #.#
#...##.# #####.#...##.#.#
#...##.# #............#.#
#...##.#
#.###.########.####...##.#
#..................#####.#


You could see 2 gnolls.

Vanquished Creatures
  A gnoll (D:5)
  A shadow imp (D:5)
2 creatures vanquished.

Notes
Turn   | Place    | Note
-------+----------+-------------------------------------------
     0 | D:5      | Kurtz the Mummy Delver began the quest for the Orb.
     0 | D:5      | Reached XP level 1. HP: 18/18 MP: 1/1
    14 | D:5      | Identified the +5 hand axe of Woe {flame, Int+2}
    94 | D:4      | Noticed a hound
    94 | D:4      | Noticed a phantom
   159 | D:5      | Slain by a gnoll

Illustrated notes

Levels and vault maps discovered:
D:4:      layout_cave_pools
D:5:      layout_basic, makhleb_altar_promises_db,
          mainiacjoe_overflow_divided_tiny

Skill      XL: |  1 |
---------------+----+-----
Axes           | 2 |  2.2
Fighting       | |  3.0
Dodging        | |  1.5
Stealth        | |  4.1

Action                     || total
---------------------------++-------
  Melee: Hand axe          ||    10
 Armour: Leather armour    ||     7
  Dodge: Dodged            ||    12

Table legend: (Time is in decaauts)
 A = Elapsed time spent in this place.
 B = Non-inter-level travel time spent in this place.
 C = Inter-level travel time spent in this place.
 D = Time resting spent in this place.
 E = Time spent auto-exploring this place.
 F = Levels seen in this place.
 G = Mean time per level.
                   A        B        C        D        E       F      G
               +--------+--------+--------+--------+--------+-----+--------+
         Total |    160 |    143 |     17 |      0 |     67 |   2 |   80.0 |
       Dungeon |    160 |    143 |     17 |      0 |     67 |   2 |   80.0 |
               +--------+--------+--------+--------+--------+-----+--------+

Top non-repeatable levels by time:
     D:5: 158 daAuts
     D:4: 1 daAuts
